 Dungeon Crawl Stone Soup version 0.29.0-15-g675c0067aa (webtiles) character file.

Game seed: 10727949762324966398

18032 qw the Severer (level 12, -2/112 HPs)
             Began as a Minotaur Berserker on Sept 12, 2022.
             Was an Elder of Trog.
             Succumbed to a redback's poison
             ... on level 2 of the Lair of Beasts.
             The game lasted 00:05:24 (14511 turns).

qw the Severer (Minotaur Berserker)                Turns: 14511, Time: 00:05:25

Health: -2/112     AC: 20    Str: 32    XL:     12   Next: 24%
Magic:  11/11      EV: 10    Int:  4    God:    Trog [****..]
Gold:   496        SH:  0    Dex: 11    Spells: 11/11 levels left

rFire   . . .      SeeInvis +   f - +0 war axe
rCold   . . .      Faith    .   (no shield)
rNeg    . . .      Spirit   .   t - +0 plate armour
rPois   .          Reflect  .   n - +2 hood of the Assassin {Detection Stab+ Stlth++}
rElec   .          Harm     .   (no cloak)
rCorr   .          Rampage  .   i - +2 pair of gloves
Will    ++...                   (no boots)
Stlth   ..........              (no amulet)
HPRegen 1.28/turn               v - ring of see invisible
MPRegen 0.12/turn               s - +6 ring of strength

@: lethally poisoned (-2 -> -11), strong-willed, on berserk cooldown,
regenerating, slowed, very slow
A: horns 2, retaliatory headbutt
a: Renounce Religion, Berserk, Trog's Hand, Brothers in Arms


You were on level 2 of the Lair of Beasts.
You worshipped Trog.
Trog was greatly pleased with you.
You visited 2 branches of the dungeon, and saw 12 of its levels.
You also visited: Ossuary.

You collected 661 gold pieces.
You spent 165 gold pieces at shops.


Innate Abilities, Weirdness & Mutations

You have a pair of horns on your head.
You reflexively headbutt those who attack you in melee.


   Skills:
 + Level 12.1 Fighting
 - Level 16.1 Axes
 - Level 7.1 Throwing
 - Level 10.1 Armour
 - Level 5.5 Dodging


You had 11 spell levels left.
You didn't know any spells.
Your spell library was empty.

Inventory:

Hand Weapons
 f - a +0 war axe (weapon)
 j - a +0 flail
Missiles
 k - 6 boomerangs (quivered)
 m - 7 silver javelins
Armour
 a - a +0 hat of see invisible
 b - the +3 leather armour of Life {Fly rF+ rC- rCorr}
   (You found it on level 8 of the Dungeon)

   rF:        It protects you from fire.
   rC:        It makes you vulnerable to cold.
   Fly:       It grants you flight.
   rCorr:     It protects you from acid and corrosion.
 i - a +2 pair of gloves (worn)
 n - the +2 hood of the Assassin (worn) {Detection Stab+ Stlth++}
   (You acquired it on level 6 of the Dungeon)

   It allows the wearer to sense nearby creatures.
   It allows the wearer to make particularly effective stabbing attacks against
   helpless or unaware enemies with any weapon.
   Stlth:     It makes you much more stealthy.
 t - a +0 plate armour (worn)
Jewellery
 g - a ring of ice
 s - a +6 ring of strength (right hand)
 v - a ring of see invisible (left hand)
 Y - a ring of protection from fire
Wands
 q - a wand of digging (7)
Scrolls
 c - a scroll of identify
Potions
 d - 3 potions of might
 e - a potion of haste {unknown}
 h - 6 potions of heal wounds
 l - 5 potions of mutation
 o - a potion of magic {unknown}
 p - a potion of cancellation {unknown}
 r - 2 potions of resistance

Dungeon Overview and Level Annotations

Branches:
Dungeon (10/15)            Temple (0/1) D:4            Lair (2/5) D:10
Ossuary (visited)
  Swamp: Lair:2-3    Shoals: Lair:2-3     Snake: Lair:2-3    Spider: Lair:2-3
    Orc: D:9-12

Altars:
Nemelex Xobeh
Zin
The Shining One

Shops:
D:6 =

Annotations:
D:3 1 runed translucent door, qw's ghost, amateur GrFi
D:5 1 runed translucent door, qw's ghost, weakling GrDe
D:7 1 runed translucent door, Crazy Yiuf


Message History

The redback barely misses you. The culicivora bites you.
The culicivora draws strength from your injuries!
You barely miss the redback.
The redback is moderately wounded.
You miss the culicivora.
You feel extremely sick.
The redback bites you but does no damage.
The culicivora completely misses you.
You slash the redback!
The redback is severely wounded.
You slash the culicivora!
You feel very sick.
The redback bites you but does no damage.
The culicivora bites you.
The culicivora draws strength from your injuries!
You slash the redback!
You kill the redback!
Trog accepts your kill.
You slash the culicivora!
You feel very sick.
You slash the culicivora!
You kill the culicivora!
Trog accepts your kill.
You feel very sick.
Your Throwing skill increases to level 7!
There is a lethal amount of poison in your body!
You feel very sick.
There is a lethal amount of poison in your body!
You feel a strong urge to attack something.
You feel very sick.
There is a lethal amount of poison in your body!
You feel very sick.
There is a lethal amount of poison in your body!
You feel your anger nearly subside.
You are no longer berserk.
You are exhausted.
You feel yourself slow down.
You feel very sick.
14511 ||| INVOKING Trog's Hand.
Your skin crawls.
You feel strong-willed.
You die...

#.P.............#
#.....P#........#
#...#..##.#.....##
#....#######....#.
##...#### #......
#^....#^## #..#....
##.#...#.#[# #.......
#^###^###^###..####..
##.#@#.#^#.#..P #..
#%#.###.##..# #P.
#^#^## ### ##.
#.###.# #. ## ..# ..
..# .## #


There were no monsters in sight!

Vanquished Creatures
  Gastronok (D:10)
  Snorg (D:10)
  Harold (D:10)
  A boulder beetle (D:10)
  Erica (D:8)
  An ogre mage (D:10)
  A two-headed ogre (D:9)
  Maurice (D:8)
  A black mamba (Lair:1)
  Psyche (D:8)
  An unseen horror (D:7)
  Maggie (D:8)
  3 trolls
  A hornet (D:10)
  3 blink frogs (Lair:1)
  3 slime creatures (D:9)
  A shadow (D:10)
  2 vampires
  2 culicivoras (Lair:2)
  A wraith (D:10)
  21 yaks
  4 wyverns (D:10)
  A basilisk (D:8)
  Grum (D:8)
  3 redbacks (Lair:2)
  2 acid dragons (D:10)
  A water moccasin (D:7)
  A sky beast (D:6)
  7 orc warriors
  7 wolves
  2 ogres
  5 centaurs
  5 kobold brigands
  A necrophage (D:6)
  2 gnoll sergeants
  5 scorpions
  A wight (D:8)
  6 electric eels (D:8)
  6 howler monkeys
  A centaur zombie (Ossuary)
  A hound (D:5)
  3 orc priests
  3 human zombies (Ossuary)
  10 orc wizards
  4 iguanas
  3 mummies (Ossuary)
  9 gnolls
  9 adders
  13 white imps
  2 worms
  2 dart slugs (D:1)
  24 orcs
  7 ball pythons
  6 endoplasms
  A giant cockroach (D:2)
  A gnoll zombie (Ossuary)
  3 goblins
  8 hobgoblins
  6 quokkas
  6 bats
  3 frilled lizards
  A hobgoblin zombie (Ossuary)
  18 kobolds
  A kobold zombie (Ossuary)
  An orc zombie (Ossuary)
  11 rats
266 creatures vanquished.

Vanquished Creatures (others)
  10 fungi (D:10)
  23 plants
33 creatures vanquished.

Grand Total: 299 creatures vanquished

Notes
Turn   | Place    | Note
-------+----------+-------------------------------------------
     0 | D:1      | qw the Minotaur Berserker began the quest for the Orb.
     0 | D:1      | Reached XP level 1. HP: 19/19 MP: 0/0
     0 | D:1      | 0 ||| qw: Version: 0.1-a-119-g272c26d
     0 | D:1      | 0 ||| qw: Game counter: 10913
     0 | D:1      | 0 ||| qw: Always use a shield: true
     0 | D:1      | 0 ||| qw: Do Orc after D:15 true
     0 | D:1      | 0 ||| qw: Do second Lair branch before Depths: true
     0 | D:1      | 0 ||| qw: Lair rune preference: random
     0 | D:1      | 0 ||| qw: Plans: Normal
     0 | D:1      | 0 ||| PLANNING D:1-11
    99 | D:1      | Reached skill level 4 in Axes
   174 | D:1      | Reached XP level 2. HP: 26/26 MP: 1/1
   203 | D:1      | 203 ||| Stepping ~*~*~tactically~*~*~ (hiding).
   608 | D:1      | Reached skill level 5 in Axes
   613 | D:1      | 613 ||| Stepping ~*~*~tactically~*~*~ (stealth).
   720 | D:1      | Reached XP level 3. HP: 30/31 MP: 2/2
   806 | D:1      | 806 ||| DROPPING orb of energy.
   807 | D:1      | 807 ||| UPGRADING to +0 ring mail.
   817 | D:1      | 817 ||| DROPPING +0 animal skin.
   818 | D:1      | 818 ||| READING scroll labelled GEWENG YTRI.
   819 | D:1      | 819 ||| READING 4 scrolls labelled YFRANE MOINE.
   820 | D:1      | 820 ||| DROPPING 3 scrolls of fear.
   859 | D:2      | 859 ||| Stepping ~*~*~tactically~*~*~ (stealth).
   860 | D:2      | 860 ||| Stepping ~*~*~tactically~*~*~ (hiding).
   863 | D:2      | Reached ** piety under Trog
   867 | D:2      | 867 ||| Stepping ~*~*~tactically~*~*~ (stealth).
   916 | D:2      | 916 ||| INVOKING Berserk.
  1301 | D:2      | 1301 ||| Stepping ~*~*~tactically~*~*~ (stealth).
  1366 | D:2      | Found a glowing golden altar of the Shining One.
  1460 | D:2      | 1460 ||| UPGRADING to +2 leather armour of fire resistance.
  1470 | D:2      | 1470 ||| READING scroll labelled BOARISAMNO.
  1471 | D:2      | 1471 ||| READING scroll labelled FYVAEB SAQIUSM.
  1474 | D:2      | 1474 ||| DRINKING 2 bubbling brown potions.
  1475 | D:2      | 1475 ||| DRINKING 2 sedimented green potions.
  1476 | D:2      | 1476 ||| DROPPING potion of flight.
  1487 | D:3      | 1487 ||| STAIRDANCE
  1493 | D:2      | 1493 ||| UPGRADING to +0 scale mail.
  1503 | D:2      | 1503 ||| DROPPING +0 ring mail.
  1508 | D:3      | 1508 ||| STAIRDANCE
  1563 | D:3      | 1563 ||| STAIRDANCE
  1631 | D:3      | 1631 ||| INVOKING Berserk.
  1640 | D:3      | 1640 ||| STAIRDANCE
  1754 | D:3      | 1754 ||| INVOKING Berserk.
  1757 | D:3      | Reached skill level 6 in Axes
  1757 | D:3      | Reached XP level 4. HP: 39/39 MP: 3/3
  1761 | D:3      | 1761 ||| STAIRDANCE
  2134 | D:3      | 2134 ||| INVOKING Berserk.
  2267 | D:3      | 2267 ||| DROPPING +0 mace.
  2596 | D:3      | Reached XP level 5. HP: 45/45 MP: 4/4
  2702 | D:3      | Reached skill level 7 in Axes
  2813 | D:3      | Found a runed translucent door.
  2813 | D:3      | Noticed qw's ghost (amateur GrFi)
  2843 | D:3      | 2843 ||| DROPPING +2 leather armour of fire resistance.
  2844 | D:3      | 2844 ||| UPGRADING to +0 chain mail.
  2854 | D:3      | 2854 ||| DROPPING +0 scale mail.
  2855 | D:3      | 2855 ||| DRINKING 2 sedimented golden potions.
  2955 | D:4      | 2955 ||| Stepping ~*~*~tactically~*~*~ (stealth).
  3090 | D:4      | Found a staircase to the Ecumenical Temple.
  3546 | D:4      | 3546 ||| READING scroll labelled COTOSI YDIA.
  3547 | D:4      | 3547 ||| READING scroll labelled INEIPO FOIM.
  3662 | D:5      | Entered Level 5 of the Dungeon
  3662 | D:5      | Noticed an ogre
  3663 | D:5      | 3663 ||| PLANNING OSSUARY
  3665 | D:5      | 3665 ||| STAIRDANCE
  3671 | D:5      | 3671 ||| INVOKING Berserk.
  3675 | D:5      | Killed an ogre
  3676 | D:5      | Reached skill level 8 in Axes
  3676 | D:5      | Reached XP level 6. HP: 52/52 MP: 5/5
  3680 | D:5      | 3680 ||| STAIRDANCE
  3790 | D:5      | Found a runed translucent door.
  3792 | D:5      | Noticed qw's ghost (weakling GrDe)
  3997 | D:5      | 3997 ||| Stepping ~*~*~tactically~*~*~ (stealth).
  4000 | D:5      | 4000 ||| Stepping ~*~*~tactically~*~*~ (hiding).
  4001 | D:5      | 4001 ||| INVOKING Berserk.
  4011 | D:5      | Reached skill level 9 in Axes
  4165 | D:5      | Reached XP level 7. HP: 60/60 MP: 6/6
  4222 | D:5      | Found a sand-covered staircase.
  4223 | D:5      | 4223 ||| READING 2 scrolls labelled REMUTE AHOEMI.
  4224 | D:5      | 4224 ||| READING scroll labelled XER GAGOMMU.
  4225 | D:5      | 4225 ||| DROPPING scroll of fog.
  4229 | D:5      | 4229 ||| FLEEEEING.
  4280 | Ossuary  | Entered an ossuary
  4321 | Ossuary  | Reached skill level 3 in Armour
  4731 | Ossuary  | 4731 ||| READING scroll labelled ISUABIXOSU.
  4732 | Ossuary  | 4732 ||| READING scroll labelled JERULU ADYZUD.
  4876 | Ossuary  | 4876 ||| READING 3 scrolls labelled DITIQEOHON.
  4877 | Ossuary  | 4877 ||| DROPPING potion of degeneration.
  4878 | Ossuary  | 4878 ||| DROPPING 2 scrolls of magic mapping.
  4893 | D:5      | 4893 ||| PLANNING D:1-11
  4911 | D:5      | Reached *** piety under Trog
  4986 | D:5      | Reached skill level 10 in Axes
  5095 | D:5      | 5095 ||| Stepping ~*~*~tactically~*~*~ (hiding).
  5098 | D:5      | 5098 ||| Stepping ~*~*~tactically~*~*~ (hiding).
  5101 | D:5      | 5101 ||| INVOKING Berserk.
  5106 | D:5      | Reached skill level 1 in Throwing
  5254 | D:5      | 5254 ||| READING scroll labelled XIWOIT VAOCVIO.
  5275 | D:6      | 5275 ||| STAIRDANCE
  5409 | D:6      | 5409 ||| Stepping ~*~*~tactically~*~*~ (stealth).
  5410 | D:6      | 5410 ||| Stepping ~*~*~tactically~*~*~ (stealth).
  5412 | D:6      | 5412 ||| Stepping ~*~*~tactically~*~*~ (stealth).
  5425 | D:6      | Reached skill level 6 in Fighting
  5429 | D:6      | Reached XP level 8. HP: 52/70 MP: 7/7
  5529 | D:6      | 5529 ||| Stepping ~*~*~tactically~*~*~ (stealth).
  5530 | D:6      | 5530 ||| Stepping ~*~*~tactically~*~*~ (stealth).
  5553 | D:6      | 5553 ||| INVOKING Berserk.
  5564 | D:6      | Reached skill level 11 in Axes
  5858 | D:6      | Found Kechufol's Jewellery Shop.
  5866 | D:6      | 5866 ||| SHOPLISTING +4 ring of evasion (396 gold, have
                  | 238).
  5866 | D:6      | 5866 ||| SHOPLISTING +4 ring of protection (396 gold, have
                  | 238).
  5866 | D:6      | 5866 ||| SHOPLISTING ring of ice (275 gold, have 238).
  5866 | D:6      | 5866 ||| SHOPLISTING ring of protection from fire (275
                  | gold, have 238).
  5866 | D:6      | 5866 ||| BUYING ring of see invisible (165 gold).
  5866 | D:6      | Bought a ring of see invisible for 165 gold pieces
  5915 | D:6      | 5915 ||| INVOKING Berserk.
  6189 | D:6      | 6189 ||| UPGRADING to +1 pair of gloves.
  6194 | D:6      | 6194 ||| UPGRADING to +0 plate armour.
  6204 | D:6      | 6204 ||| DROPPING +0 chain mail.
  6205 | D:6      | 6205 ||| UPGRADING to ring of see invisible.
  6206 | D:6      | 6206 ||| READING 2 scrolls labelled YHIYFI ICHO HAD.
  6207 | D:6      | 6207 ||| READING scroll labelled ZAPRE XOYREOV.
  6207 | D:6      | Identified a scroll of acquirement
  6207 | D:6      | 6207 ||| ACQUIRING +2 hood of the Assassin {Detection Stab+
                  | Stlth++}
  6207 | D:6      | Acquired the +2 hood of the Assassin {Detection Stab+
                  | Stlth++}
  6207 | D:6      | Found the +2 hood of the Assassin {Detection Stab+ Stlth++}
  6209 | D:6      | 6209 ||| UPGRADING to +2 hood of the Assassin {Detection
                  | Stab+ Stlth++}.
  6214 | D:6      | 6214 ||| DRINKING 3 bubbling green potions.
  6215 | D:6      | 6215 ||| DRINKING 2 gluggy blue potions.
  6216 | D:6      | 6216 ||| DRINKING 2 emerald potions.
  6217 | D:6      | 6217 ||| READING 2 scrolls of identify.
  6217 | D:6      | 6217 ||| IDENTIFYING fizzy purple potion
  6218 | D:6      | 6218 ||| DROPPING 2 potions of attraction.
  6219 | D:6      | 6219 ||| DROPPING potion of ambrosia.
  6220 | D:6      | 6220 ||| DROPPING scroll of amnesia.
  6411 | D:7      | 6411 ||| FLEEEEING.
  6412 | D:7      | 6412 ||| FLEEEEING.
  6413 | D:7      | 6413 ||| FLEEEEING.
  6418 | D:7      | 6418 ||| FLEEEEING.
  6419 | D:7      | 6419 ||| FLEEEEING.
  6420 | D:7      | 6420 ||| FLEEEEING.
  6421 | D:7      | 6421 ||| FLEEEEING.
  6422 | D:7      | 6422 ||| FLEEEEING.
  6429 | D:7      | 6429 ||| FLEEEEING.
  6430 | D:7      | 6430 ||| FLEEEEING.
  6431 | D:7      | 6431 ||| FLEEEEING.
  6432 | D:7      | 6432 ||| FLEEEEING.
  6435 | D:7      | 6435 ||| FLEEEEING.
  6436 | D:7      | 6436 ||| FLEEEEING.
  6437 | D:7      | 6437 ||| FLEEEEING.
  6438 | D:7      | 6438 ||| FLEEEEING.
  6439 | D:7      | 6439 ||| FLEEEEING.
  6440 | D:7      | 6440 ||| FLEEEEING.
  6442 | D:7      | 6442 ||| FLEEEEING.
  6443 | D:7      | 6443 ||| FLEEEEING.
  6444 | D:7      | 6444 ||| FLEEEEING.
  6446 | D:7      | 6446 ||| FLEEEEING.
  6447 | D:7      | 6447 ||| FLEEEEING.
  6448 | D:7      | 6448 ||| FLEEEEING.
  6449 | D:7      | 6449 ||| FLEEEEING.
  6450 | D:7      | 6450 ||| STAIRDANCE
  6488 | D:6      | 6488 ||| DRINKING 2 viscous dark potions.
  6531 | D:6      | 6531 ||| DROPPING potion of lignification.
  6573 | D:7      | 6573 ||| Stepping ~*~*~tactically~*~*~ (hiding).
  6580 | D:7      | Reached skill level 12 in Axes
  6763 | D:7      | Noticed an unseen horror
  6774 | D:7      | Killed an unseen horror
  6775 | D:7      | Reached XP level 9. HP: 70/79 MP: 8/8
  7089 | D:7      | Found a runed translucent door.
  7090 | D:7      | Noticed Crazy Yiuf
  7319 | D:7      | 7319 ||| DRINKING 2 lumpy puce potions.
  7424 | D:7      | 7424 ||| DROPPING potion of berserk rage.
  7453 | D:8      | 7453 ||| Stepping ~*~*~tactically~*~*~ (stealth).
  7454 | D:8      | 7454 ||| Stepping ~*~*~tactically~*~*~ (stealth).
  7456 | D:8      | 7456 ||| INVOKING Berserk.
  7462 | D:8      | 7462 ||| FLEEEEING.
  7468 | D:8      | Reached **** piety under Trog
  7602 | D:8      | Identified the +3 leather armour of Life {Fly rF+ rC-
                  | rCorr}
  7651 | D:8      | Noticed Maggie
  7662 | D:8      | 7662 ||| INVOKING Berserk.
  7662 | D:8      | HP: 25/118 [Maggie/+1 vorpal glaive (14)]
  7666 | D:8      | HP: 12/118 [Maggie/+1 vorpal glaive (12)]
  7672 | D:8      | Killed Maggie
  7673 | D:8      | Reached skill level 3 in Throwing
  8000 | D:8      | Found a glowing silver altar of Zin.
  8013 | D:8      | Noticed Erica
  8019 | D:8      | 8019 ||| FLEEEEING.
  8020 | D:8      | 8020 ||| FLEEEEING.
  8021 | D:8      | 8021 ||| FLEEEEING.
  8022 | D:8      | 8022 ||| FLEEEEING.
  8028 | D:8      | 8028 ||| STAIRDANCE
  8125 | D:7      | 8125 ||| UPGRADING to +2 pair of gloves.
  8135 | D:7      | 8135 ||| DROPPING +1 pair of gloves.
  8156 | D:8      | 8156 ||| Stepping ~*~*~tactically~*~*~ (hiding).
  8159 | D:8      | 8159 ||| DRINKING potion of curing.
  8159 | D:8      | 8159 ||| (to cure confusion)
  8165 | D:8      | 8165 ||| INVOKING Berserk.
  8170 | D:8      | Killed Erica
  8253 | D:8      | Found a sparkling altar of Nemelex Xobeh.
  8512 | D:8      | Noticed Grum
  8518 | D:8      | 8518 ||| INVOKING Berserk.
  8531 | D:8      | Killed Grum
  8532 | D:8      | Reached skill level 13 in Axes
  8761 | D:8      | Noticed Psyche
  8768 | D:8      | 8768 ||| INVOKING Berserk.
  8769 | D:8      | Killed Psyche
  8770 | D:8      | Reached XP level 10. HP: 89/89 MP: 9/9
  8787 | D:8      | Noticed Maurice
  8788 | D:8      | 8788 ||| Stepping ~*~*~tactically~*~*~ (stealth).
  8958 | D:8      | 8958 ||| INVOKING Berserk.
  9184 | D:8      | 9184 ||| INVOKING Berserk.
  9320 | D:8      | 9320 ||| INVOKING Berserk.
  9345 | D:8      | HP: 20/89 [Maurice/+0 glaive of freezing (4)]
  9346 | D:8      | 9346 ||| READING 3 scrolls of teleportation.
  9347 | D:8      | 9347 ||| DRINKING 4 potions of heal wounds.
  9349 | D:8      | Killed Maurice
  9670 | D:8      | 9670 ||| DROPPING +0 whip.
  9678 | D:8      | 9678 ||| SWAPPING to +0 war axe.
  9679 | D:8      | 9679 ||| DROPPING +1 hand axe of venom.
  9680 | D:8      | 9680 ||| UPGRADING to +6 ring of intelligence.
  9710 | D:9      | Reached skill level 14 in Axes
  9796 | D:9      | 9796 ||| Stepping ~*~*~tactically~*~*~ (stealth).
  9799 | D:9      | 9799 ||| Stepping ~*~*~tactically~*~*~ (stealth).
  9802 | D:9      | 9802 ||| Stepping ~*~*~tactically~*~*~ (stealth).
  9804 | D:9      | 9804 ||| Stepping ~*~*~tactically~*~*~ (stealth).
  9807 | D:9      | 9807 ||| Stepping ~*~*~tactically~*~*~ (stealth).
  9808 | D:9      | 9808 ||| Stepping ~*~*~tactically~*~*~ (stealth).
  9813 | D:9      | 9813 ||| Stepping ~*~*~tactically~*~*~ (stealth).
  9816 | D:9      | Reached skill level 3 in Dodging
  9819 | D:9      | 9819 ||| Stepping ~*~*~tactically~*~*~ (stealth).
  9860 | D:9      | Noticed a two-headed ogre
  9863 | D:9      | 9863 ||| INVOKING Berserk.
  9866 | D:9      | Killed a two-headed ogre
 10030 | D:9      | 10030 ||| INVOKING Berserk.
 10037 | D:9      | Reached skill level 15 in Axes
 10286 | D:9      | 10286 ||| Stepping ~*~*~tactically~*~*~ (hiding).
 10288 | D:9      | 10288 ||| INVOKING Berserk.
 10293 | D:9      | Reached skill level 9 in Fighting
 10302 | D:9      | Reached XP level 11. HP: 97/97 MP: 10/10
 10767 | D:9      | 10767 ||| UPGRADING to ring of protection from fire.
 10769 | D:9      | 10769 ||| UPGRADING to +6 ring of strength.
 10771 | D:9      | 10771 ||| DROPPING +6 ring of intelligence.
 10780 | D:10     | Entered Level 10 of the Dungeon
 10791 | D:10     | Noticed Harold
 10792 | D:10     | 10792 ||| Stepping ~*~*~tactically~*~*~ (hiding).
 10793 | D:10     | 10793 ||| Stepping ~*~*~tactically~*~*~ (hiding).
 10794 | D:10     | 10794 ||| Stepping ~*~*~tactically~*~*~ (hiding).
 10795 | D:10     | 10795 ||| Stepping ~*~*~tactically~*~*~ (hiding).
 10796 | D:10     | 10796 ||| Stepping ~*~*~tactically~*~*~ (hiding).
 10799 | D:10     | 10799 ||| INVOKING Berserk.
 10808 | D:10     | Killed Harold
 10809 | D:10     | Reached skill level 16 in Axes
 10965 | D:10     | Noticed Snorg
 10970 | D:10     | 10970 ||| INVOKING Berserk.
 10976 | D:10     | Killed Snorg
 11254 | D:10     | Noticed Gastronok
 11257 | D:10     | 11257 ||| INVOKING Berserk.
 11274 | D:10     | Killed Gastronok
 11487 | D:10     | 11487 ||| STAIRDANCE
 11498 | D:10     | 11498 ||| STAIRDANCE
 11500 | D:9      | 11500 ||| INVOKING Berserk.
 11629 | D:10     | 11629 ||| STAIRDANCE
 11634 | D:10     | 11634 ||| STAIRDANCE
 11639 | D:10     | 11639 ||| STAIRDANCE
 11720 | D:10     | 11720 ||| Stepping ~*~*~tactically~*~*~ (stealth).
 11737 | D:10     | Reached skill level 9 in Armour
 11833 | D:10     | 11833 ||| Stepping ~*~*~tactically~*~*~ (stealth).
 11875 | D:10     | 11875 ||| READING 2 scrolls of teleportation.
 11903 | D:10     | 11903 ||| Stepping ~*~*~tactically~*~*~ (stealth).
 11911 | D:10     | 11911 ||| INVOKING Berserk.
 11950 | D:10     | 11950 ||| Stepping ~*~*~tactically~*~*~ (stealth).
 11950 | D:10     | Found a staircase to the Lair.
 12203 | D:10     | 12203 ||| READING scroll of teleportation.
 12254 | D:10     | Noticed an ogre mage
 12258 | D:10     | Noticed a boulder beetle
 12356 | D:10     | 12356 ||| Stepping randomly (stuck).
 12357 | D:10     | 12357 ||| Stepping randomly (stuck).
 12358 | D:10     | 12358 ||| Stepping randomly (stuck).
 12359 | D:10     | 12359 ||| Stepping randomly (stuck).
 12360 | D:10     | 12360 ||| Stepping randomly (stuck).
 12361 | D:10     | 12361 ||| Stepping randomly (stuck).
 12362 | D:10     | 12362 ||| Stepping randomly (stuck).
 12363 | D:10     | 12363 ||| Stepping randomly (stuck).
 12364 | D:10     | 12364 ||| Stepping randomly (stuck).
 12365 | D:10     | 12365 ||| Stepping randomly (stuck).
 12366 | D:10     | 12366 ||| Stepping randomly (stuck).
 12367 | D:10     | 12367 ||| Stepping randomly (stuck).
 12368 | D:10     | 12368 ||| Stepping randomly (stuck).
 12369 | D:10     | 12369 ||| Stepping randomly (stuck).
 12370 | D:10     | 12370 ||| Stepping randomly (stuck).
 12371 | D:10     | 12371 ||| Stepping randomly (stuck).
 12372 | D:10     | 12372 ||| Stepping randomly (stuck).
 12373 | D:10     | 12373 ||| Stepping randomly (stuck).
 12374 | D:10     | 12374 ||| Stepping randomly (stuck).
 12375 | D:10     | 12375 ||| Stepping randomly (stuck).
 12376 | D:10     | 12376 ||| Stepping randomly (stuck).
 12377 | D:10     | 12377 ||| Stepping randomly (stuck).
 12378 | D:10     | 12378 ||| Stepping randomly (stuck).
 12379 | D:10     | 12379 ||| Stepping randomly (stuck).
 12380 | D:10     | 12380 ||| Stepping randomly (stuck).
 12381 | D:10     | 12381 ||| Stepping randomly (stuck).
 12382 | D:10     | 12382 ||| Stepping randomly (stuck).
 12383 | D:10     | 12383 ||| Stepping randomly (stuck).
 12384 | D:10     | 12384 ||| Stepping randomly (stuck).
 12385 | D:10     | 12385 ||| Stepping randomly (stuck).
 12386 | D:10     | 12386 ||| Stepping randomly (stuck).
 12387 | D:10     | 12387 ||| Stepping randomly (stuck).
 12388 | D:10     | 12388 ||| Stepping randomly (stuck).
 12389 | D:10     | 12389 ||| Stepping randomly (stuck).
 12392 | D:10     | 12392 ||| Stepping ~*~*~tactically~*~*~ (hiding).
 12393 | D:10     | 12393 ||| Stepping ~*~*~tactically~*~*~ (hiding).
 12397 | D:10     | 12397 ||| INVOKING Berserk.
 12423 | D:10     | Reached skill level 6 in Throwing
 12537 | D:10     | 12537 ||| INVOKING Berserk.
 12540 | D:10     | Killed a boulder beetle
 12674 | D:10     | 12674 ||| Stepping randomly (stuck).
 12675 | D:10     | 12675 ||| Stepping randomly (stuck).
 12676 | D:10     | 12676 ||| Stepping randomly (stuck).
 12677 | D:10     | 12677 ||| Stepping randomly (stuck).
 12678 | D:10     | 12678 ||| Stepping randomly (stuck).
 12679 | D:10     | 12679 ||| Stepping randomly (stuck).
 12680 | D:10     | 12680 ||| Stepping randomly (stuck).
 12681 | D:10     | 12681 ||| Stepping randomly (stuck).
 12682 | D:10     | 12682 ||| Stepping randomly (stuck).
 12683 | D:10     | 12683 ||| Stepping randomly (stuck).
 12684 | D:10     | 12684 ||| Stepping randomly (stuck).
 12685 | D:10     | 12685 ||| Stepping randomly (stuck).
 12686 | D:10     | 12686 ||| Stepping randomly (stuck).
 12687 | D:10     | 12687 ||| Stepping randomly (stuck).
 12688 | D:10     | 12688 ||| Stepping randomly (stuck).
 12689 | D:10     | 12689 ||| Stepping randomly (stuck).
 12690 | D:10     | 12690 ||| Stepping randomly (stuck).
 12691 | D:10     | 12691 ||| Stepping randomly (stuck).
 12692 | D:10     | 12692 ||| Stepping randomly (stuck).
 12693 | D:10     | 12693 ||| Stepping randomly (stuck).
 12694 | D:10     | 12694 ||| Stepping randomly (stuck).
 12695 | D:10     | 12695 ||| Stepping randomly (stuck).
 12696 | D:10     | 12696 ||| Stepping randomly (stuck).
 12697 | D:10     | 12697 ||| Stepping randomly (stuck).
 12698 | D:10     | 12698 ||| Stepping randomly (stuck).
 12699 | D:10     | 12699 ||| Stepping randomly (stuck).
 12701 | D:10     | 12701 ||| Stepping ~*~*~tactically~*~*~ (hiding).
 12702 | D:10     | 12702 ||| Stepping ~*~*~tactically~*~*~ (hiding).
 12705 | D:10     | 12705 ||| INVOKING Trog's Hand.
 12706 | D:10     | 12706 ||| INVOKING Berserk.
 12709 | D:10     | Killed an ogre mage
 12756 | D:10     | 12756 ||| Stepping randomly (stuck).
 12757 | D:10     | 12757 ||| Stepping randomly (stuck).
 12758 | D:10     | 12758 ||| Stepping randomly (stuck).
 12759 | D:10     | 12759 ||| Stepping randomly (stuck).
 12802 | D:10     | 12802 ||| Stepping randomly (stuck).
 12804 | D:10     | 12804 ||| Stepping randomly (stuck).
 12806 | D:10     | 12806 ||| Stepping randomly (stuck).
 12807 | D:10     | 12807 ||| Stepping randomly (stuck).
 12808 | D:10     | 12808 ||| Stepping randomly (stuck).
 12809 | D:10     | 12809 ||| Stepping randomly (stuck).
 12811 | D:10     | 12811 ||| Stepping randomly (stuck).
 12812 | D:10     | 12812 ||| Stepping randomly (stuck).
 12813 | D:10     | 12813 ||| Stepping randomly (stuck).
 12814 | D:10     | 12814 ||| Stepping randomly (stuck).
 12815 | D:10     | 12815 ||| Stepping randomly (stuck).
 12816 | D:10     | 12816 ||| Stepping randomly (stuck).
 12817 | D:10     | 12817 ||| Stepping randomly (stuck).
 12818 | D:10     | 12818 ||| Stepping randomly (stuck).
 12819 | D:10     | 12819 ||| Stepping randomly (stuck).
 12820 | D:10     | 12820 ||| Stepping randomly (stuck).
 12821 | D:10     | 12821 ||| Stepping randomly (stuck).
 12822 | D:10     | 12822 ||| Stepping randomly (stuck).
 12823 | D:10     | 12823 ||| Stepping randomly (stuck).
 12864 | D:10     | Identified the +0 helmet "Poydab" {Str-2 Int+3}
 12912 | D:10     | Reached XP level 12. HP: 90/110 MP: 11/11
 12998 | D:10     | 12998 ||| Stepping ~*~*~tactically~*~*~ (stealth).
 13004 | D:10     | 13004 ||| Stepping ~*~*~tactically~*~*~ (stealth).
 13016 | D:10     | 13016 ||| Stepping ~*~*~tactically~*~*~ (stealth).
 13024 | D:10     | Paralysed by a hornet for 2 turns
 13026 | D:10     | 13026 ||| INVOKING Berserk.
 13299 | D:10     | 13299 ||| PLANNING LAIR
 13375 | Lair:1   | Entered Level 1 of the Lair of Beasts
 13375 | Lair:1   | Found a frozen archway.
 13384 | Lair:1   | 13384 ||| INVOKING Berserk.
 13391 | Lair:1   | Reached skill level 12 in Fighting
 13652 | Lair:1   | 13652 ||| DROPPING +2 mace of protection.
 14262 | Lair:2   | 14262 ||| INVOKING Berserk.
 14488 | Lair:2   | 14488 ||| Stepping ~*~*~tactically~*~*~ (stealth).
 14490 | Lair:2   | 14490 ||| Stepping ~*~*~tactically~*~*~ (stealth).
 14502 | Lair:2   | 14502 ||| INVOKING Berserk.
 14503 | Lair:2   | HP: 41/168 [poisoned by a redback]
 14507 | Lair:2   | HP: 18/168 [poisoned by a redback]
 14510 | Lair:2   | HP: 2/112 [poisoned by a redback]
 14511 | Lair:2   | 14511 ||| INVOKING Trog's Hand.
 14511 | Lair:2   | Succumbed to a redback's poison

Levels and vault maps discovered:
D:1:      elethiomel_arrival_diamonds, layout_loops_ring, st_stairs_10
D:2:      layout_rooms, basic_altar
D:3:      layout_basic, gammafunk_ghost_grave, minmay_crystal_water,
          saegor_snake_ambush
D:4:      layout_basic, temple_fountains
D:5:      layout_rooms, enter_ossuary_1, ebering_ghost_inner_flame
D:6:      layout_cave_pools, serial_shops, shop
D:7:      nicolae_cairo_tiling_large, layout_basic, uniq_crazy_yiuf_cottage
D:8:      cheibrodos_two_vegetables, layout_loops_ring,
          mainiacjoe_overflow_large_starburst, uniq_maurice, uniq_psyche,
          uniq_erica, uniq_maggie, uniq_grum
D:9:      layout_cave_pools
D:10:     kennysheep_windowed_halls, layout_basic,
          grunt_lair_entry_orc_guard_hut, uniq_gastronok, uniq_snorg,
          uniq_harold
Lair:1:   layout_cave_pods, portal_ice_cave_entry_imps
Lair:2:   layout_layer_cave, skrybe_swamp_entry_bodies,
          nicolae_spider_entry_tight_spaces

Skill      XL: |  1  2  3  4  5  6  7  8  9 10 11 12 |
---------------+-------------------------------------+-----
Axes           | 4 5 6 8 9 10 12 13 15 16 | 16.1
Fighting       | 4 6 7 8 9 11 12 | 12.1
Armour         | 3 5 8 10 | 10.1
Throwing       | 1 3 4 6 7 |  7.1
Dodging        | 3 5 |  5.5

Action                   |  1- 3 |  4- 6 |  7- 9 | 10-12 || total
-------------------------+-------+-------+-------+-------++-------
Melee: Hand axe          |    90 |    80 |   237 |    38 ||   445
       Headbutt          |    15 |    13 |    44 |    78 ||   150
       Punch             |       |     1 |     4 |     4 ||     9
       War axe           |       |       |       |   273 ||   273
Throw: Boomerang         |       |     9 |    49 |    23 ||    81
       Javelin           |       |       |     7 |    37 ||    44
Invok: Berserk           |     3 |     3 |     8 |    18 ||    32
       Trog's Hand       |       |       |       |     2 ||     2
  Use: Scroll            |     4 |     2 |     9 |     3 ||    18
       Potion            |     2 |     1 |     6 |     1 ||    10
Armor: Animal skin       |     9 |       |       |       ||     9
       Scale mail        |     6 |    11 |       |       ||    17
       Ring mail         |     6 |       |       |       ||     6
       Leather armour    |     2 |       |       |       ||     2
       Chain mail        |       |    24 |    59 |       ||    83
       Plate armour      |       |       |    50 |   144 ||   194
Dodge: Dodged            |    37 |    26 |    76 |   106 ||   245

Table legend:
 A = Non-vault XP
 B = Vault XP
 C = Vault XP percentage of total XP
 D = Non-vault monster count
 E = Vault monster count
 F = Vault count percentage of total count
                 A         B        C        D         E       F
            +---------+---------+-------+---------+---------+-------
      Total |   12844 |   12917 |  50.1 |     180 |      86 |  32.3
            +---------+---------+-------+---------+---------+-------
        D:1 |      28 |      13 |  31.7 |      14 |      10 |  41.7
        D:2 |      44 |       0 |   0.0 |      21 |       0 |   0.0
        D:3 |      99 |      28 |  22.0 |      15 |       4 |  21.1
        D:4 |     100 |       0 |   0.0 |      11 |       0 |   0.0
        D:5 |     685 |       0 |   0.0 |      19 |       0 |   0.0
        D:6 |     878 |       0 |   0.0 |      27 |       0 |   0.0
        D:7 |     810 |       0 |   0.0 |       8 |       0 |   0.0
        D:8 |     763 |    3296 |  81.2 |      15 |      17 |  53.1
        D:9 |    4650 |     223 |   4.6 |      23 |       1 |   4.2
       D:10 |    3084 |    8090 |  72.4 |      19 |      26 |  57.8
     Lair:1 |    1703 |     121 |   6.6 |       8 |      12 |  60.0
     Lair:2 |       0 |     919 | 100.0 |       0 |       5 | 100.0
    Ossuary |       0 |     227 | 100.0 |       0 |      11 | 100.0
            +---------+---------+-------+---------+---------+-------
